 Dungeon Crawl Stone Soup version 0.26-a0-964-g69f9a3b9e2 (webtiles) character file.

Game seed: 4605633051755947793

67 siradein the Grave Robber (level 3, -2/24 HPs)
             Began as a Demonspawn Necromancer on Dec 2, 2020.
             Slain by Terence
             ... wielding a +0 flail
              (5 damage)
             ... on level 1 of the Dungeon.
             The game lasted 00:13:32 (2988 turns).

siradein the Grave Robber (Demonspawn Necromancer)  Turns: 2988, Time: 00:13:32

Health: -2/24      AC:  2    Str:  8    XL:     3   Next: 98%
Magic:  0/6        EV: 12    Int: 17    God:
Gold:   73         SH:  0    Dex: 13    Spells: 1/6 levels left

rFire    . . .     SeeInvis .   (no weapon)
rCold    . . .     Faith    .   (no shield)
rNeg     . . .     Spirit   .   a - +0 robe
rPois    .         Reflect  .   (no helmet)
rElec    .         Harm     .   (no cloak)
rCorr    .         Rampage  .   (no gloves)
MR       .....                  (no boots)
Stlth    ++........             (no amulet)
HPRegen  0.08/turn              (no ring)
MPRegen  0.10/turn              (no ring)

@: no status effects
A: spiny 1
a: no special abilities


You were on level 1 of the Dungeon.
You visited 1 branch of the dungeon, and saw 2 of its levels.

You collected 73 gold pieces.

Inventory:

Armour
 a - a +0 robe (worn)
Jewellery
 b - a +6 ring of intelligence {unknown}
Scrolls
 d - a scroll of remove curse {unknown}
 f - a scroll of enchant weapon {unknown}
 h - a scroll of random uselessness {unknown}
Potions
 c - 2 potions of degeneration {unknown}
 e - a potion of curing {unknown}
 g - a potion of cancellation {unknown}
 i - a potion of invisibility {unknown}


   Skills:
 - Level 1.7 Dodging
 - Level 1.7 Stealth
 - Level 2.0 Spellcasting
 + Level 6.1 Necromancy


You had one spell level left.
You knew the following spells:

 Your Spells              Type           Power        Failure   Level
a - Pain                  Necr           ###.         1%          1
b - Animate Skeleton      Necr           ###...       1%          1
c - Vampiric Draining     Necr           ###.......   4%          3

Your spell library contained the following spells:

 Spells                   Type           Power        Failure   Level
 Animate Dead             Necr           ###.......   16%         4
 Agony                    Necr           ###.....     38%         5


Dungeon Overview and Level Annotations

Branches:
Dungeon (2/15)

Altars:

Annotations:
D:1 Terence
D:2 Sigmund


Innate Abilities, Weirdness & Mutations

You are partially covered in sharp spines.


Message History

Robin roars a battlecry!
The goblin goes into a battle-frenzy!
Casting: Pain (safe; 1% risk of failure)
Confirm with . or Enter, or press ? or * to list all spells.
Aiming: Pain (safe; 1% risk of failure)
Press: ? - help, Shift-Dir - straight line, f/p - Robin
Aim: Robin, wielding a +0 mace, wearing a +0 animal skin and wearing a +0 helmet (almost dead, chance to defeat MR: 87%) Robin writhes in agony.
You kill Robin!
A goblin comes into view. It is wielding a +0 dagger.
Casting: Pain (safe; 1% risk of failure)
Confirm with . or Enter, or press ? or * to list all spells.
Aiming: Pain (safe; 1% risk of failure)
Press: ? - help, Shift-Dir - straight line, f - goblin
Aim: a goblin (strong, chance to defeat MR: 91%)
The goblin writhes in agony.
You climb upwards.
Level annotation: Terence Terence hits you with a +0 flail.
You die...

#.# #.......#
#.......# #.#
#.......# ####.####
#.# ######### #.#
##.###.>....# #.#
##.#.##.####.# #r#
#.###......#.#####
#.#
##.#.##.##.#.#(..#
#@#
##.###......#.@.###.#
### ####.###..@....#
#......######
########


You could see Terence.

Vanquished Creatures
  Robin (D:2)
  A gnoll (D:1)
  An ooze (D:1)
  2 dart slugs (D:1)
  A leopard gecko (D:2)
  A ball python (D:1)
  4 bats (D:1)
  A giant cockroach (D:1)
  12 hobgoblins
  A frilled lizard (D:1)
  3 goblins (D:2)
  2 kobolds (D:1)
  6 rats
36 creatures vanquished.

Notes
Turn   | Place    | Note
-------+----------+-------------------------------------------
     0 | D:1      | siradein the Demonspawn Necromancer began the quest for the
                  | Orb.
     0 | D:1      | Reached XP level 1. HP: 13/13 MP: 3/3
   226 | D:1      | Reached skill level 5 in Necromancy
   226 | D:1      | Gained mutation: You are partially covered in sharp spines.
                  | [demonic ancestry]
   226 | D:1      | Reached XP level 2. HP: 1/19 MP: 0/5
  1011 | D:1      | Learned a level 1 spell: Animate Skeleton
  1502 | D:1      | Reached XP level 3. HP: 22/24 MP: 4/6
  1506 | D:1      | Learned a level 3 spell: Vampiric Draining
  2180 | D:2      | Noticed Sigmund
  2745 | D:2      | Noticed Terence
  2880 | D:2      | Reached skill level 6 in Necromancy
  2977 | D:2      | Noticed Robin
  2985 | D:2      | Killed Robin
  2988 | D:1      | Slain by Terence

Illustrated notes

Levels and vault maps discovered:
D:1:      heliophobic_arrival_enchanted_forest, layout_loops_cross,
          minmay_misc_feat_tower
D:2:      layout_rooms, grunt_temple_overflow_order_and_chaos_1, uniq_terence,
          uniq_natasha, uniq_robin, uniq_sigmund

Skill      XL: |  1  2  3 |
---------------+----------+-----
Necromancy     | 5 6 |  6.1
Dodging        | |  1.7
Stealth        | |  1.7
Spellcasting   | |  2.0

Action                   || total
-------------------------++-------
Melee: Unarmed           ||     4
 Cast: Pain              ||    87
       Animate Skeleton  ||     3
Armor: Robe              ||     3
Dodge: Dodged            ||    24

Table legend: (Time is in decaauts)
 A = Elapsed time spent in this place.
 B = Non-inter-level travel time spent in this place.
 C = Inter-level travel time spent in this place.
 D = Time resting spent in this place.
 E = Time spent auto-exploring this place.
 F = Levels seen in this place.
 G = Mean time per level.
                   A        B        C        D        E       F      G
               +--------+--------+--------+--------+--------+-----+--------+
         Total |   2992 |   2934 |     58 |    746 |   1760 |   2 | 1496.0 |
       Dungeon |   2992 |   2934 |     58 |    746 |   1760 |   2 | 1496.0 |
               +--------+--------+--------+--------+--------+-----+--------+

Top non-repeatable levels by time:
     D:1: 2875 daAuts
     D:2: 117 daAuts
